 Dungeon Crawl Stone Soup version 0.16-a0-702-gf4f471d (webtiles) character file.

305 PolkaDot the Insei (level 6, -7/47 HPs)
             Began as a Draconian Transmuter on Sept 20, 2014.
             Was an Initiate of Okawaru.
             Killed from afar by a steam dragon (20 damage)
             ... with a ball of steam
             ... on Level 5 of the Dungeon.
             The game lasted 00:14:39 (5167 turns).

PolkaDot the Insei (Draconian Transmuter)           Turns: 5167, Time: 00:14:40

HP  -7/47        AC  6     Str 13      XL: 6   Next: 15%
MP   1/10        EV 12     Int 13      God: Okawaru [......]
Gold 302         SH  0     Dex 13      Spells:  3 memorised,  3 levels left

rFire  . . .     SeeInvis .       - Unarmed
rCold  . . .     Clarity  .     (armour unavailable)
rNeg   . . .     rCorr    .     (no shield)
rPois  +         rRot     .     (helmet restricted)
rElec  .         Spirit   .     (no cloak)
SustAb .         Warding  .     (no gloves)
rMut   .         Stasis   .     (no boots)
Gourm  .                        B - amulet of rage
MR     .....                    q - ring of poison resistance
                                r - +2 ring of slaying

@: appendage, not resistant to hostile enchantments, very unstealthy
A: unfitting armour, horns 2, cold-blooded, AC +6
a: End Transformation, Renounce Religion, Evoke Berserk Rage


You were on level 5 of the Dungeon.
You worshipped Okawaru.
Okawaru was noncommittal.
You were very hungry.
You had grown temporary horns.
You visited 2 branches of the dungeon, and saw 6 of its levels.

You collected 302 gold pieces.

Inventory:

Missiles
 b - 24 arrows
 m - 284 stones (quivered)
 w - 3 poisoned tomahawks
Magical devices
 x - a wand of random effects (10)
 y - a wand of polymorph (14)
Comestibles
 a - 2 bread rations
 h - a slice of pizza
 k - 3 royal jellies
 s - 2 meat rations
Scrolls
 c - a scroll of enchant armour
 e - 2 scrolls of identify {unknown}
 g - a scroll of magic mapping {unknown}
 j - a scroll of immolation {unknown}
 l - 2 scrolls of remove curse
 p - 2 scrolls of teleportation {unknown}
 u - a scroll of blinking {unknown}
 C - 2 scrolls of noise
Jewellery
 i - an uncursed amulet of warding
 o - an uncursed ring of protection from fire
 q - a ring of poison resistance (right hand)
 r - a +2 ring of slaying (left hand)
 B - an amulet of rage (around neck)
Potions
 f - 2 potions of might {unknown}
 n - 2 potions of heal wounds {unknown}
 t - a potion of berserk rage {unknown}
 v - 2 potions of haste {unknown}
Books
 d - a book of Changes

   Spells                             Type                      Level
   *Beastly Appendage                 Transmutation                1
   *Sticks to Snakes                  Transmutation                2
   *Spider Form                       Transmutation/Poison         3
   Ice Form                           Ice/Transmutation            4
   Blade Hands                        Transmutation                5


   Skills:
 - Level 1.1 Fighting
 - Level 1.0 Throwing
 - Level 1.7 Dodging
 - Level 5.0 Unarmed Combat
 - Level 2.0 Spellcasting
 + Level 4.9 Transmutations


You had 3 spell levels left.
You knew the following spells:

 Your Spells              Type           Power        Failure   Level  Hunger
a - Beastly Appendage     Trmt           ##....       4%          1    ##.....
s - Sticks to Snakes      Trmt           ##........   8%          2    ###....
S - Spider Form           Trmt/Pois      #.........   34%         3    ####...


Dungeon Overview and Level Annotations

Branches:
Dungeon (5/15)             Temple (1/1) D:4

Altars:
Ashenzari
Cheibriados
Dithmenos
Elyvilon
Fedhas
Gozag
Kikubaaqudgha
Makhleb
Nemelex Xobeh
Okawaru
Qazlal
Ru
Trog
Vehumet
Xom
Yredelemnul
Zin
The Shining One


Innate Abilities, Weirdness & Mutations

Your plain brown scales are hard (AC +6).
Your body does not fit into most forms of armour.
Your cold-blooded metabolism reacts poorly to cold.
You have a pair of horns on your head.


Message History

x - a short iron wand Evoke which item? (* to show all) (? for menu, Esc to quit)
Zapping:
x - a short iron wand
Press: ? - help, Shift-Dir - straight line, f/p - steam dragon
Aim: a steam dragon (almost dead, catching its breath)
The steam dragon struggles to resist.
You feel that this wand is rather unreliable.
x - a wand of random effects {zapped: 1} The steam dragon misses you.
The steam dragon claws you but does no damage.
The kobold barely misses you.
The hobgoblin hits you but does no damage.
Evoke which item? (* to show all) (? for menu, Esc to quit)
Zapping:
x - a wand of random effects {zapped: 1}
Press: ? - help, Shift-Dir - straight line, f/p - steam dragon
Aim: a steam dragon (almost dead) Nothing appears to happen.
The steam dragon breathes steam at you. The ball of steam hits you!
You die...

...#. .. ....... ...##
....)..
............$.#
..........#...#
..........#...#
............#..##
.............ยง.D.#
#..........##.g@##
#.......#.#..K##..#
#................#
###..............#
#....#...###......#
####....#...........##
#...#.###>..#.....>.#
#.......#........#...
###.#...#..#......#.


You could see a steam dragon, a hobgoblin and a kobold.

Vanquished Creatures
  An ogre (D:4)
  2 worker ants
  An iguana (D:4)
  An ogre skeleton (D:4)
  3 adders
  2 worms (D:2)
  An adder skeleton (D:4)
  A giant gecko (D:3)
  2 oozes
  14 orcs
  12 goblins
  5 hobgoblins
  11 jackals
  9 kobolds
  A quokka (D:4)
  A ball python (D:1)
  11 bats
  A giant newt (D:3)
  9 rats
88 creatures vanquished.

Vanquished Creatures (others)
  A bat skeleton (D:5)
1 creature vanquished.

Grand Total: 89 creatures vanquished

Notes
Turn   | Place    | Note
--------------------------------------------------------------
     0 | D:1      | PolkaDot, the Draconian Transmuter, began the quest for the Orb.
     0 | D:1      | Reached XP level 1. HP: 16/16 MP: 3/3
   529 | D:1      | Reached XP level 2. HP: 23/23 MP: 4/4
   946 | D:1      | Reached skill level 4 in Unarmed Combat
  1401 | D:2      | Reached XP level 3. HP: 20/28 MP: 4/6
  1975 | D:2      | Reached XP level 4. HP: 32/35 MP: 7/7
  2252 | D:2      | Reached skill level 5 in Unarmed Combat
  3298 | D:4      | Reached skill level 1 in Throwing
  3309 | D:4      | Noticed an ogre
  3315 | D:4      | Learned a level 3 spell: Spider Form
  3318 | D:4      | Learned a level 2 spell: Sticks to Snakes
  3344 | D:4      | Killed an ogre
  3344 | D:4      | Reached XP level 5. HP: 10/40 MP: 6/9
  3976 | D:4      | Found a staircase to the Ecumenical Temple.
  4015 | Temple   | Entered the Ecumenical Temple
  4124 | Temple   | Became a worshipper of Warmaster Okawaru
  4374 | D:4      | Found a sparkling altar of Nemelex Xobeh.
  4539 | D:4      | Reached XP level 6. HP: 42/47 MP: 8/10
  4887 | D:5      | Entered Level 5 of the Dungeon
  5145 | D:5      | Noticed a steam dragon
  5145 | D:5      | a centaur changed into a steam dragon
  5167 | D:5      | Killed from afar by a steam dragon

Action                   |  1- 3 |  4- 6 || total
-------------------------+-------+-------++-------
Melee: Unarmed           |   144 |   143 ||   287
Throw: Stone             |    32 |    25 ||    57
 Cast: Beastly Appendage |    16 |    24 ||    40
       Spider Form       |       |     1 ||     1
       Sticks to Snakes  |       |     8 ||     8
Evoke: Wand              |       |     4 ||     4
  Use: Scroll            |       |     3 ||     3
  Eat: Chunk             |     4 |    10 ||    14
